Unix NetHack Version 3.7.0-89 Work-in-progress - last build Nov 3 2023 05:48:50 (ea8ed35e81eded05176fbf39db35bf4bcaa3adb9,branch:master). Game began 2023-09-30 10:24:24, ended 2023-11-04 22:13:17. Arasaka, lawful female dwarven Cavewoman ---------- |.G....@.G# ------------- |........|0##############.C.........C| |.........0 |.....C.....| |........| |...-- -- .| |..)...... |..`| | ---------- |..C| |...| |...- |.... +C... ------ Arasaka the Aborigine St:16 Dx:12 Co:20 In:10 Wi:8 Ch:9 Lawful Dlvl:8 $:307 HP:21(47) Pw:9(9) AC:-1 Xp:4/141 T:1893 Latest messages: You hit the dwarf zombie! The dwarf zombie hits! You destroy the dwarf zombie! The gray unicorn butts! The gray unicorn kicks! The gray unicorn misses! The gray unicorn kicks! The gray unicorn butts! The gray unicorn kicks! The gray unicorn butts! The gray unicorn kicks! The gnomish wizard casts a spell! The gnomish wizard is suddenly moving faster. You stop. The gnomish wizard is in the way! You try to move the boulder, but in vain. You try to move the boulder, but in vain. You try to move the boulder, but in vain. You stop. The gnomish wizard is in the way! Really save? [yn] (n) Saving... Restoring save file... Hello Arasaka, the dwarven Cavewoman, welcome back to NetHack! # # Really quit? [yn] (n) Inventory: Coins ('$') $ - 307 gold pieces Weapons (')') b - an uncursed +2 sling (alternate weapon; not wielded) i - an uncursed +0 orcish dagger a - an uncursed +2 club (weapon in hand) j - an uncursed +0 long sword Armor ('[') g - an uncursed +0 dwarvish iron helm (being worn) h - an uncursed +0 pair of iron shoes (being worn) u - an uncursed +0 dwarvish roundshield (being worn) m - an uncursed +0 elven mithril-coat (being worn) Comestibles ('%') t - an uncursed taco p - an uncursed tin of pickled newt meat Scrolls ('?') s - an uncursed scroll of confuse monster d - an uncursed scroll of identify q - an uncursed scroll of teleportation Potions ('!') k - an uncursed potion of confusion e - an uncursed potion of healing o - an uncursed potion of see invisible n - an uncursed potion of sleeping Wands ('/') f - an uncursed wand of light (0:12) Tools ('(') l - an uncursed oil lamp Gems/Stones ('*') r - 2 uncursed worthless pieces of black glass c - 15 uncursed flint stones (in quiver pouch) Arasaka the Cavewoman's attributes: Background: You were an Aborigine, a level 4 dwarven Cavewoman. You were lawful, nominally on a mission for Anu who was opposed by Ishtar (neutral) and Anshar (chaotic). You were in the Dungeons of Doom, on level 8. You entered the dungeon 1893 turns ago. It was nighttime. You had 141 experience points, 19 more were needed to attain level 5. Basics: You had 21 out of 47 hit points. You had all 9 energy points (spell power). Your armor class was -1. Your wallet contained 307 zorkmids. Autopickup was on for '$"?' plus thrown, with exceptions. Final Characteristics: Your strength was 16 (limit:18/100). Your dexterity was 12 (limit:20). Your constitution was 20 (limit:20). Your intelligence was 10 (limit:16). Your wisdom was 8 (limit:16). Your charisma was 9 (limit:16). Final Status: You weren't hungry. You were unencumbered. You were wielding a club. You had basic skill with club. Final Attributes: You were fervently aligned. You were telepathic. You had infravision. You were guarded. You survived. Miscellaneous: You disabled loading of bones levels. Total elapsed playing time was 9 minutes and 45 seconds. Major events: Turn 1: Arasaka the lawful dwarven Cavewoman entered the dungeon 384: found Dragonbane in a shop 552: entered the Gnomish Mines 809: attained the rank of Aborigine (level 3) 1893: quit Vanquished creatures: a rock mole a floating eye a dwarf a giant bat a dwarf zombie a werejackal an iguana a hobbit a hobgoblin 3 giant rats a cave spider a brown mold 3 geckos 7 jackals a fox 3 goblins 3 grid bugs 3 lichens 2 kobold zombies 36 creatures vanquished. No species were genocided or became extinct. Voluntary challenges: You were an atheist. You read items or engraved 6 times. You engraved Elbereth 1 time. You never genocided any monsters. You never polymorphed an object. You never changed form. You used no wishes. Achievements: You entered a shop. You entered the Gnomish Mines. You attained the rank of Aborigine. The Dungeons of Doom: levels 1 to 9 Level 1: A fountain. Level 2: "dragonbane" A general store. Stairs down to The Gnomish Mines. Level 3: Level 4: Level 5: Level 6: A general store, a fountain. Level 7: Level 8: <- You were here. Level 9: The Gnomish Mines: Level 3: Goodbye Arasaka the Cavewoman... You quit in The Dungeons of Doom on dungeon level 8 with 1301 points, and 307 pieces of gold, after 1893 moves. You were level 4 with a maximum of 47 hit points when you quit.